 Dungeon Crawl Stone Soup version 0.31-a0-538-gbc85326fa9 (webtiles) character file.

Game seed: 8922068063500192953

60 Pooter the Chopper (level 3, -3/34 HPs)
             Began as a Minotaur Monk on Aug 14, 2023.
             Slain by a gnoll
             ... wielding a +0 flail
              (9 damage)
             ... on level 2 of the Dungeon.
             The game lasted 00:05:38 (1196 turns).

Pooter the Chopper (Minotaur Monk)                  Turns: 1196, Time: 00:05:39

Health: -3/34      AC:  2    Str: 17    XL:     3   Next: 80%
Magic:  2/2        EV: 12    Int:  7    God:
Gold:   124        SH:  0    Dex: 12    Spells: 2/2 levels left

rFire   . . .        e - +2 dagger (drain)
rCold   . . .        d - orb {light}
rNeg    . . .        b - +0 robe
rPois   .            (helmet restricted)
rElec   .            (no cloak)
rCorr   .            (no gloves)
SInv    .            (no boots)
Will    .....        (no amulet)
Stlth   +            (no ring)
HPRegen 0.25/turn    (no ring)
MPRegen 0.08/turn

%: no passive effects
@: glowing
A: horns 2, retaliatory headbutt
a: no special abilities


You were on level 2 of the Dungeon.
You visited 1 branch of the dungeon, and saw 2 of its levels.

You collected 124 gold pieces.

Inventory:

Hand Weapons
 a - a +0 hand axe
 e - a +2 dagger of draining (weapon)
   (You took it off a kobold on level 1 of the Dungeon)
 h - a +0 spear
   (You found it on level 1 of the Dungeon)
Missiles
 Q - 14 stones (quivered)
Armour
 b - a +0 robe (worn)
 d - an orb of light (worn)
Wands
 f - a wand of flame (19)
   (You found it on level 2 of the Dungeon)
Scrolls
 j - a scroll of blinking
Potions
 c - a potion of ambrosia
 g - 3 potions of mutation {unknown}
 k - a potion of might {unknown}


   Skills:
 + Level 4.4 Fighting
 * Level 5.1 Axes
 - Level 3.2 Dodging


You had 2 spell levels left.
You didn't know any spells.
Your spell library contained the following spells:

 Spells                   Type           Power      Damage    Failure   Level
 Magic Dart               Conj           0%         1d3       43%         1
 Call Imp                 Summ           0%         N/A       56%         2
 Mephitic Cloud           Conj/Pois/Air  0%         N/A       80%         3


Dungeon Overview and Level Annotations

Branches:
Dungeon (2/15) Zot: 10799

Altars:


Innate Abilities, Weirdness & Mutations

You have a pair of horns on your head.
You reflexively headbutt those who attack you in melee.


Message History

j - a scroll of blinking;
i - a scroll of identify
e - a +2 dagger of draining (weapon)
As you read the scroll of identify {@r1}, it crumbles to dust.
l - a scroll of torment You drop a scroll of torment {!r}.
Found a stone staircase leading down.
An adder comes into view.
Found a purple potion.
The adder hisses angrily.
Found 7 gold pieces.
The adder bites you but does no damage. The adder barely misses you.
You hit the adder. The adder bites you but does no damage.
You hit the adder. You headbutt the adder. The adder barely misses you.
You hit the adder but do no damage. You drain the adder.
The adder closely misses you. The adder misses you.
You hit the adder.
You kill the adder!
g - 3 purple potions (gained 1)
You now have 124 gold pieces (gained 7).
There is a stone staircase leading down here.
You see here a giant cockroach corpse.
A ball python comes into view.
You barely miss the ball python. The ball python bites you.
The ball python barely misses you.
You barely miss the ball python. You headbutt the ball python.
The ball python closely misses you. x2
You hit the ball python.
You kill the ball python!
Found a sling.
Found a stone staircase leading down.
A gnoll comes into view. It is wielding a +0 club.
The gnoll shouts!
A gnoll comes into view. It is wielding a +0 spear.
A gnoll comes into view. It is wielding a +0 flail.
The gnoll shouts!
The gnoll hits you with a +0 club! The gnoll closely misses you.
You see here a +0 sling.
The gnoll hits you with a +0 flail! The gnoll closely misses you.
The gnoll hits you with a +0 spear.
* * * LOW HITPOINT WARNING * * *
You hit the gnoll.
You headbutt the gnoll, but do no damage.
The gnoll hits you with a +0 flail!
* * * LOW HITPOINT WARNING * * *
The gnoll hits you with a +0 club.
* * * LOW HITPOINT WARNING * * *
The gnoll barely misses you.
You hit the gnoll. You drain the gnoll.
You kill the gnoll!
The gnoll hits you with a +0 flail!
You die...

... .# .#
##.## #...#
#...#
####...####
#..>g)....#
#...@g....#
#...).....#
#......####
#.......#
#.......#
##.####.#
#. #.# #.
#.# #. #.#


You could see 2 gnolls.

Vanquished Creatures
  A gnoll (D:2)
  2 adders (D:2)
  A worm (D:2)
  2 dart slugs
  5 ball pythons
  2 endoplasms (D:1)
  2 giant cockroaches (D:2)
  3 goblins
  2 hobgoblins (D:1)
  A quokka (D:2)
  3 bats
  5 frilled lizards
  4 kobolds
  4 rats
37 creatures vanquished.

Notes
Turn   | Place    | Note
-------+----------+-------------------------------------------
     0 | D:1      | Pooter the Minotaur Monk began the quest for the Orb.
     0 | D:1      | Reached XP level 1. HP: 19/19 MP: 0/0
    91 | D:1      | Reached skill level 4 in Axes
   234 | D:1      | Reached XP level 2. HP: 17/27 MP: 1/1
   945 | D:2      | Reached XP level 3. HP: 30/33 MP: 2/2
  1079 | D:2      | Reached skill level 5 in Axes
  1196 | D:2      | Slain by a gnoll

Illustrated notes

Levels and vault maps discovered:
D:1:      nzn_arrival_depleted_hourglass, layout_basic, amethyst_killhole,
          fountainhead, serial_bayou_pond_a
D:2:      layout_loops_ring, eino_tiny_chamber, minmay_pentomino_r2

Skill      XL: |  1  2  3 |
---------------+----------+-----
Axes           | 4 5 |  5.1
Fighting       | 4 |  4.4
Dodging        | |  3.2

Action                     || total
---------------------------++-------
  Melee: Hand axe          ||    22
         Headbutt          ||    19
         Dagger            ||    43
         Spear             ||     7
  Throw: Stone             ||    21
  Evoke: Wand              ||     2
    Use: Scroll            ||     2
 Armour: Robe              ||    24
  Dodge: Dodged            ||    42

Table legend: (Time is in decaauts)
 A = Elapsed time spent in this place.
 B = Non-inter-level travel time spent in this place.
 C = Inter-level travel time spent in this place.
 D = Time resting spent in this place.
 E = Time spent auto-exploring this place.
 F = Levels seen in this place.
 G = Mean time per level.
                   A        B        C        D        E       F      G
               +--------+--------+--------+--------+--------+-----+--------+
         Total |   1199 |   1146 |     53 |     39 |    797 |   2 |  599.5 |
       Dungeon |   1199 |   1146 |     53 |     39 |    797 |   2 |  599.5 |
               +--------+--------+--------+--------+--------+-----+--------+

Top non-repeatable levels by time:
     D:1: 837 daAuts
     D:2: 362 daAuts
